 Dungeon Crawl Stone Soup version 0.13.0-26-gf7ffa3a (webtiles) character file.

8506 MackTheKnife the Transmogrifier (level 11, -1/94 HPs)
             Began as a Naga Transmuter on Oct 30, 2013.
             Was a High Priest of Okawaru.
             Slain by an eight-headed hydra (11 damage)
             ... on Level 11 of the Dungeon.
             The game lasted 00:35:22 (13546 turns).

MackTheKnife the Transmogrifier (Naga Transmuter)  Turns: 13546, Time: 00:35:22

HP  -1/94        AC 15     Str 13      XL: 11   Next: 30%
MP  19/28        EV  7     Int 14      God: Okawaru [*****.]
Gold 81          SH  0     Dex 14      Spells:  4 memorised,  6 levels left

Res.Fire  : . . .   See Invis. : +     - Unarmed
Res.Cold  : . . .   Warding    : .   H - +2 leather armour {rPois}
Life Prot.: . . .   Conserve   : .   (shield currently unavailable)
Res.Poison: +       Res.Corr.  : .   (no helmet)
Res.Elec. : .       Clarity    : .   (no cloak)
Sust.Abil.: . .     Spirit.Shd : .   (gloves currently unavailable)
Res.Mut.  : .       Stasis     : .   j - +4 naga barding
Res.Rott. : .       Flight     : .   h - amulet of faith {!P}
Saprovore : . . .                    e - ring of sustenance
                                     r - ring of magical power

@: blade hands, very slow, somewhat resistant to hostile enchantments,
unstealthy
A: spit poison, see invisible, deformed body, poison resistance, slowness 2, AC
+3
a: Spit Poison, End Transformation, Heroism, Finesse, Renounce Religion


You were on level 11 of the Dungeon.
You worshipped Okawaru.
Okawaru was extremely pleased with you.
You were hungry.
Your hands were blades.
You visited 2 branches of the dungeon, and saw 12 of its levels.

You collected 478 gold pieces.
You spent 417 gold pieces at shops.


Innate Abilities, Weirdness & Mutations

You cannot wear boots.
You can spit poison.
Your serpentine skin is tough (AC +3).*
You have supernaturally acute eyesight.
Armour fits poorly on your strangely shaped body.*
Your system is resistant to poisons.*
You cover ground very slowly.*


   Skills:
 + Level 7.0 Fighting
 + Level 1.0 Armour
 - Level 1.5 Dodging
 - Level 10.1 Unarmed Combat
 - Level 3.5 Spellcasting
 + Level 11.9 Transmutations


You had 6 spell levels left.
You knew the following spells:

 Your Spells              Type           Power        Failure   Level  Hunger
b - Sticks to Snakes      Trmt           #####.....   10%         2    ##.....
c - Spider Form           Trmt/Pois      ###.......   41%         3    ###....
x - Blade Hands           Trmt           #####.....   36%         5    ######.
z - Beastly Appendage     Trmt           #####.       10%         1    #......

Inventory:

Missiles
 G - 30 arrows of frost
Armour
 j - a +4 naga barding (worn)
 w - a +2 shield
 H - a +2 leather armour of poison resistance (worn)
 I - a +0 mottled dragon hide
Magical devices
 k - a wand of confusion (9) {unknown}
 u - a wand of fire (10)
 C - a wand of draining (3)
 J - a wand of lightning (7) {unknown}
Comestibles
 a - a bread ration
 g - 2 chokos
 n - 2 meat rations
 o - 2 apples
 q - a banana
 N - 3 chunks of orc flesh {@*1}
Scrolls
 b - a scroll of teleportation
 c - a scroll of enchant weapon III {unknown}
 f - a scroll of fog
 l - 2 scrolls of identify
 x - 3 scrolls of enchant weapon II
 y - 3 scrolls of remove curse
 A - 2 scrolls of blinking
 D - 2 scrolls of recharging {unknown}
 M - a scroll of enchant weapon I
Jewellery
 e - a ring of sustenance (right scythe-like blade)
 h - an amulet of faith (around neck) {!P}
 i - a cursed ring of fire
 r - a ring of magical power (left scythe-like blade)
Potions
 m - a potion of cure mutation {unknown}
 p - 7 potions of curing
 s - a potion of magic {unknown}
 t - 2 potions of restore abilities
 v - 2 potions of agility {unknown}
 z - a potion of invisibility {unknown}
 F - a potion of might {unknown}
 K - 2 potions of paralysis {unknown}
 L - a potion of poison {unknown}
Books
 d - a book of Changes

   Spells                             Type                      Level
   *Beastly Appendage                 Transmutation                1
   *Sticks to Snakes                  Transmutation                2
   *Spider Form                       Transmutation/Poison         3
   Ice Form                           Ice/Transmutation            4
   *Blade Hands                       Transmutation                5
 B - a book of the Dragon

   Spells                             Type                      Level
   Flight                             Charms/Air                   3
   Cause Fear                         Hexes                        4
   Bolt of Fire                       Conjuration/Fire             6
   Dragon Form                        Transmutation                7
   Summon Dragon                      Summoning                    9
Magical staves
 E - an uncursed staff of conjuration

········· ▒···
··········· ▒···
············· ▒···
··············· ▒·▒▒
··············· ·
▒·▒
··············)···▒
▒·▒
···················▒
▒·▒ ▒Do····[····▒
▒·▒▒ ▒N··········▒
▒··· ▒···········▒
▒···
▒···········▒▒▒·▒▒
▒···············▒
▒··········)····▒
▒···········▒▒··▒
▒···········▒▒··▒
▒·······▒▒··▒▒··▒
▒·······▒▒··▒▒··▒


You could see an eight-headed hydra and an orc.


Message History

The seven-headed hydra closely misses you.
The seven-headed hydra bites you. The seven-headed hydra bites you!
You slice one of the seven-headed hydra's heads off!
The six-headed hydra grows two more!
You slice the eight-headed hydra!!
You slash the eight-headed hydra, but do no damage.
The eight-headed hydra is moderately wounded.
The eight-headed hydra bites you!
* * * LOW HITPOINT WARNING * * *
The eight-headed hydra bites you.
* * * LOW HITPOINT WARNING * * *
The eight-headed hydra bites you!
* * * LOW HITPOINT WARNING * * *
The eight-headed hydra bites you but does no damage.
The eight-headed hydra barely misses you.
The eight-headed hydra bites you but does no damage.
The eight-headed hydra bites you.
* * * LOW HITPOINT WARNING * * *
The eight-headed hydra closely misses you.
Use which ability? (? or * to list)
Okay, then.
Drink which item? (? for menu, Esc to quit)
Okay, then.
You extend your transformation's duration.
You are feeling hungry.
The orc barely misses you. The eight-headed hydra bites you!
* * * LOW HITPOINT WARNING * * *
The eight-headed hydra bites you but does no damage.
The eight-headed hydra bites you!
You die...

Action                   |  1- 3 |  4- 6 |  7- 9 | 10-12 || total
-------------------------+-------+-------+-------+-------++-------
Melee: Unarmed           |    94 |   358 |   544 |   307 ||  1303
 Cast: Beastly Appendage |     2 |    17 |    33 |     7 ||    59
       Sticks to Snakes  |     1 |     6 |    24 |       ||    31
       Spider Form       |       |       |     6 |     1 ||     7
       Blade Hands       |       |       |     6 |    26 ||    32
Invok: Heroism           |       |       |       |     2 ||     2
 Abil: Spit Poison       |    12 |    12 |    17 |     4 ||    45
Evoke: Wand              |       |     4 |     3 |       ||     7
  Use: Scroll            |       |    10 |    15 |     3 ||    28
       Potion            |       |     2 |     1 |     3 ||     6
 Stab: Distracted        |       |     1 |     3 |       ||     4

Vault maps used:
D:1:      zelgadis_glass_entry_small
D:2:      serial_curves, eino_curves_02, eino_curves_02, uniq_terence
D:4:      uniq_duvessa
D:5:      vehumet_statue, makhleb_grotto_becter, temple_statues, first_bread,
          serial_shops, shop
D:6:      old_standard_altar
D:8:      overflow_temple_1_default, minivault_12
D:9:      serial_shops, shop, roderic_serpentine_path
D:11:     orc_0_dummy, serial_shops, shop, nooodl_orcs_dogs
Temple:   triangle_lava_temple_11

Notes
Turn   | Place    | Note
--------------------------------------------------------------
     0 | D:1      | MackTheKnife, the Naga Transmuter, began the quest for the Orb.
     0 | D:1      | Reached XP level 1. HP: 18/18 MP: 1/1
   204 | D:1      | Reached XP level 2. HP: 18/25 MP: 3/3
   454 | D:1      | Learned a level 2 spell: Sticks to Snakes
   610 | D:1      | Reached XP level 3. HP: 23/31 MP: 4/4
   941 | D:2      | Noticed Terence
   980 | D:2      | Killed Terence
   987 | D:2      | Reached skill level 3 in Transmutations
  1071 | D:2      | Reached XP level 4. HP: 24/38 MP: 6/6
  1282 | D:2      | Learned a level 3 spell: Spider Form
  1577 | D:2      | Reached skill level 4 in Unarmed Combat
  1860 | D:3      | Reached skill level 3 in Spellcasting
  1860 | D:3      | Reached XP level 5. HP: 41/44 MP: 5/8
  3197 | D:4      | Reached XP level 6. HP: 47/51 MP: 11/11
  3247 | D:4      | Reached skill level 4 in Transmutations
  3261 | D:4      | Learned a level 5 spell: Blade Hands
  3386 | D:4      | Noticed Duvessa
  3386 | D:4      | Noticed Dowan
  3416 | D:4      | Killed Duvessa
  3422 | D:4      | HP: 2/51 [Dowan/stone arrow (13)]
  3425 | D:4      | Killed Dowan
  3960 | D:5      | Entered Level 5 of the Dungeon
  3971 | D:5      | Reached skill level 5 in Unarmed Combat
  3997 | D:5      | Found a radiant altar of Vehumet.
  4063 | D:5      | Reached skill level 5 in Transmutations
  4063 | D:5      | Reached XP level 7. HP: 32/57 MP: 11/13
  4198 | D:5      | Found Duazyng's Magic Scroll Emporium.
  4203 | D:5      | Bought 2 scrolls of enchant armour for 132 gold pieces
  4658 | D:5      | Found a staircase to the Ecumenical Temple.
  4679 | Temple   | Entered the Ecumenical Temple
  4683 | Temple   | Became a worshipper of Warmaster Okawaru
  4802 | D:5      | Found a burning altar of Makhleb.
  4932 | D:6      | Noticed mopl's ghost (experienced MiFi)
  5169 | D:5      | Bought a scroll of identify for 24 gold pieces
  5253 | D:6      | Found a sparkling altar of Nemelex Xobeh.
  5320 | D:6      | Reached skill level 6 in Unarmed Combat
  5320 | D:6      | Reached skill level 6 in Transmutations
  5461 | D:6      | Reached XP level 8. HP: 38/66 MP: 15/15
  6039 | D:6      | Killed mopl's ghost
  6039 | D:6      | Acquired Okawaru's first power
  6039 | D:6      | Reached skill level 7 in Unarmed Combat
  6039 | D:6      | Reached skill level 7 in Transmutations
  6903 | D:7      | Reached XP level 9. HP: 39/72 MP: 17/17
  7046 | D:7      | Reached skill level 8 in Unarmed Combat
  7294 | D:7      | Reached skill level 8 in Transmutations
  7949 | D:5      | Bought a scroll of remove curse for 36 gold pieces
  8552 | D:8      | Found a deep blue altar of Sif Muna.
  8853 | D:7      | HP: 4/72 [ogre/giant club (7)]
  8854 | D:7      | Reached skill level 9 in Unarmed Combat
  9327 | D:8      | Reached skill level 9 in Transmutations
  9451 | D:8      | Noticed a hill giant
  9914 | D:9      | Reached XP level 10. HP: 46/79 MP: 15/18
 10083 | D:9      | Reached skill level 10 in Unarmed Combat
 10265 | D:9      | Found Imuat's Antique Armour Boutique.
 10368 | D:9      | Reached skill level 10 in Transmutations
 10615 | D:9      | Reached skill level 2 in Fighting
 10821 | D:10     | Entered Level 10 of the Dungeon
 10975 | D:9      | Bought a slimy helmet for 225 gold pieces
 11005 | D:9      | Identified the cursed -2 helmet of Intercession {Str+5 Int-3} (You bought it in a shop on level 9 of the Dungeon)
 11096 | D:10     | Noticed an unseen horror
 11106 | D:10     | Killed an unseen horror
 11106 | D:10     | Reached skill level 3 in Fighting
 11325 | D:10     | Reached skill level 4 in Fighting
 11577 | D:10     | Noticed an unseen horror
 11602 | D:10     | HP: 7/84 [unseen horror (9)]
 11606 | D:10     | Killed an unseen horror
 11606 | D:10     | Reached skill level 11 in Transmutations
 11903 | D:10     | Reached skill level 5 in Fighting
 11983 | D:10     | Reached skill level 6 in Fighting
 11983 | D:10     | Reached XP level 11. HP: 71/93 MP: 19/19
 12440 | D:10     | Noticed a hill giant
 12445 | D:10     | Killed a hill giant
 12445 | D:10     | Acquired Okawaru's second power
 12684 | D:11     | Noticed a five-headed hydra
 13542 | D:11     | Reached skill level 7 in Fighting
 13542 | D:11     | Reached skill level 1 in Armour
 13546 | D:11     | Slain by an eight-headed hydra

Vanquished Creatures
  2 unseen horrors (D:10)
  The ghost of mopl the Basher, an experienced MiFi of Okawaru (D:6)
  A hill giant (D:10)
  A troll (D:11)
  A wraith (D:9)
  8 yaks (D:10)
  A hungry ghost (D:10)
  2 vampire mosquitoes (D:10)
  A hippogriff (D:7)
  A mottled dragon (D:8)
  5 orc warriors
  2 black bears (D:10)
  A sky beast (D:6)
  3 ice beasts
  A crocodile (D:11)
  A phantom (D:7)
  2 centaurs
  Duvessa (D:4)
  5 ogres
  A big kobold (D:9)
  A water moccasin (D:7)
  2 giant frogs
  A gnoll sergeant (D:10)
  10 killer bees (D:9)
  7 crimson imps
  Dowan (D:4)
  A goliath beetle (D:7)
  A centaur zombie (D:6)
  4 hounds
  3 orc priests
  A giant frog zombie (D:7)
  An iguana (D:6)
  A quasit (D:9)
  6 scorpions
  5 orc wizards
  A water moccasin zombie (D:11)
  A two-headed ogre skeleton (D:11)
  9 worker ants
  A big kobold skeleton (D:11)
  Terence (D:2)
  A hound skeleton (D:10)
  A worker ant zombie (D:8)
  A mummy (D:10)
  13 adders
  7 gnolls
  A worm zombie (D:9)
  A giant mite (D:4)
  An inept feature mimic (D:5)
  6 worms
  A giant eyeball (D:6)
  5 giant geckos
  3 oozes
  42 orcs
  A bat skeleton (D:5)
  5 giant cockroaches
  15 goblins
  10 hobgoblins
  21 kobolds
  3 quokkas
  2 ball pythons
  18 bats
  3 giant newts
  A hobgoblin zombie (D:5)
  19 jackals
  2 kobold skeletons (D:8)
  A quokka skeleton (D:7)
  11 rats
  4 ballistomycetes
298 creatures vanquished.

Vanquished Creatures (collateral kills)
  A bat skeleton (D:6)
1 creature vanquished.

Vanquished Creatures (others)
  An orc wizard (D:10)
  2 giant spores
3 creatures vanquished.

Grand Total: 302 creatures vanquished
